 Dungeon Crawl Stone Soup version 0.31-a0-675-g238779eb0a (webtiles) character file.

Game seed: 9944753634836462140

60 Gelion the Changeling (level 4, -1/43 HPs)
             Began as an Octopode Shapeshifter on Sept 5, 2023.
             Slain by a worm (3 damage)
             ... on level 2 of the Dungeon.
             The game lasted 00:01:31 (1007 turns).

Gelion the Changeling (Octopode Shapeshifter)       Turns: 1007, Time: 00:01:32

Health: -1/43      AC: 22    Str: 13    XL:     4   Next: 6%
Magic:  4/4        EV:  2    Int: 12    God:
Gold:   79         SH:  0    Dex: 13    Spells: 3/3 levels left

rFire   + .          .
                       - Unarmed
rCold   . . .        (no shield)
rNeg    . . .        (helmet currently unavailable)
rPois   +            (no amulet)
rElec   .            j - ring of see invisible
rCorr   .            k - ring of protection from fire
SInv    +            (no ring)
Will    .....        (no ring)
Stlth   +            (no ring)
HPRegen 0.27/turn    (no ring)
MPRegen 0.09/turn    (no ring)
                     (no ring)

%: no passive effects
@: tree-form
A: stationary, stasis, torment immunity, boosted hp, almost no armour,
(amphibious), 8 rings, (camouflage 1), (gelatinous body 1), (nimble swimmer 1),
(tentacles)
a: no special abilities


You were on level 2 of the Dungeon.
You were a tree.
You visited 1 branch of the dungeon, and saw 2 of its levels.

You collected 79 gold pieces.

Inventory:

Jewellery
 j - a ring of see invisible (left branch)
 k - a ring of protection from fire (right branch)
Talismans
 b - a beast talisman
 c - a flux talisman
 f - a talisman of death
Scrolls
 e - a scroll of immolation {unknown}
 h - 2 scrolls of enchant weapon {unknown}
 i - 2 scrolls of identify {unknown}
 l - 2 scrolls of teleportation {unknown}
Potions
 d - a potion of ambrosia {unknown}
 g - 2 potions of attraction {unknown}
 m - a potion of heal wounds {unknown}


   Skills:
 + Level 2.0 Fighting
 - Level 2.0 Dodging
 + Level 3.5 Unarmed Combat
 * Level 3.8 Shapeshifting


You had 3 spell levels left.
You didn't know any spells.
Your spell library contained the following spells:

 Spells                   Type           Power      Damage    Failure   Level
 Kiss of Death            Conj/Necr      0%         2d5       32%         1
 Magic Dart               Conj           0%         1d3       32%         1
 Searing Ray              Conj           0%         2d4       45%         2
 Confusing Touch          Hex            0%         N/A       69%         3
 Dispel Undead            Necr           0%         3d6       97%         4
 Fulminant Prism          Conj/Hex       0%         3d5       97%         4


Dungeon Overview and Level Annotations

Branches:
Dungeon (2/15)

Altars:

Annotations:
D:2 Natasha


Innate Abilities, Weirdness & Mutations

You are a tree.
Your roots penetrate the ground, keeping you stationary.
You cannot be teleported.
You are immune to unholy pain and torment.
Your maximum health is greatly increased.
You cannot wear most types of armour.
((You are amphibious.))
You can wear up to eight rings at the same time.
((Your skin changes colour to match your surroundings (Stealth+).))
((Your rubbery body absorbs attacks. (AC +1, EV +1)))
((You are camouflaged when in or above water. (Stealth+)))
((You have tentacles for arms and can constrict up to eight enemies at once.))


Message History

Natasha, Servant of Life and Death comes into view.
Natasha is nearby!
Natasha hisses angrily.
Natasha mumbles some strange words.
A worm comes into view.
Natasha howls an incantation.
You feel disoriented. Natasha misses you.
You tentacle-slap Natasha. Your grab misses Natasha.
Natasha is lightly wounded.
The cerulean imp hits you from afar with a +1 spear.
You barely miss Natasha. You grab Natasha. You squeeze Natasha.
Natasha is moderately wounded.
You constrict Natasha. Natasha casts a spell at you. The magic dart hits you!
The cerulean imp hits you from afar with a +1 spear.
You barely miss Natasha.
Natasha is moderately wounded.
You constrict Natasha, but do no damage.
Natasha hisses.
Natasha claws you but does no damage. The cerulean imp barely misses you.
You tentacle-slap Natasha but do no damage.
Natasha is moderately wounded.
You constrict Natasha. Natasha claws you.
* * * LOW HITPOINT WARNING * * *
You tentacle-slap Natasha but do no damage.
Natasha is heavily wounded.
You constrict Natasha.
The cerulean imp hits you from afar with a +1 spear!
* * * LOW HITPOINT WARNING * * *
Natasha casts a spell at you. You resist with some effort.
Your transformation has ended.
You turn into a tree.
Your roots penetrate the ground.
You lose your grip on Natasha.
The cerulean imp barely misses you. Natasha claws you.
* * * LOW HITPOINT WARNING * * *
The worm bites you.
You die...

......##.. ##.......#
.... .. ....###### #
#..# ..# ...## ...
#..###.. ...####...#
#..#...# ........#
#....#.#
...#############.5....#
.................w..#.#
.....##(.. #...♣h....#
...#....# ###.#.###..##
###^.##.###.....# .#
...............##
#######..#...###
########...### .#
............# ..
....#######.## #(#
.............####.####


You could see a worm, Natasha and a cerulean imp (summoned).

Vanquished Creatures
  3 adders (D:2)
  4 bats
  5 endoplasms
  A giant cockroach (D:1)
  3 goblins
  2 hobgoblins (D:1)
  3 quokkas (D:1)
  2 ball pythons
  4 frilled lizards
  3 kobolds
  2 rats
32 creatures vanquished.

Notes
Turn   | Place    | Note
-------+----------+-------------------------------------------
     0 | D:1      | Gelion the Octopode Shapeshifter began the quest for the
                  | Orb.
     0 | D:1      | Reached XP level 1. HP: 13/13 MP: 1/1
   216 | D:1      | Reached XP level 2. HP: 12/18 MP: 2/2
   714 | D:2      | Reached XP level 3. HP: 24/24 MP: 3/3
   888 | D:2      | Reached XP level 4. HP: 23/29 MP: 4/4
   996 | D:2      | Noticed Natasha
  1007 | D:2      | HP: 2/43 [Natasha (1)]
  1007 | D:2      | Slain by a worm

Illustrated notes

Levels and vault maps discovered:
D:1:      minmay_arrival_up_and_down, layout_rooms, serial_corexii_hall,
          corexii_hall_statues_l, chequers_hall_statues_y,
          corexii_hall_statues_deadend, chequers_hall_statues_y,
          corexii_hall_statues_s, chequers_hall_statues_corner_a
D:2:      layout_rooms, uniq_natasha

Skill      XL: |  1  2  3 |
---------------+----------+-----
Fighting       | 2 |  2.0
Dodging        | |  2.0
Unarmed Combat | |  3.5
Shapeshifting  | |  3.8

Action                     |  1- 3 |  4- 6 || total
---------------------------+-------+-------++-------
  Melee: Unarmed           |    58 |     5 ||    63
         Constrict         |    16 |     1 ||    17
         Tentacles         |    14 |     1 ||    15
         Punch             |     2 |       ||     2
    Use: Potion            |       |     1 ||     1
   Stab: Sleeping          |     4 |       ||     4
 Armour: Skin              |    24 |     8 ||    32
  Dodge: Dodged            |    45 |     3 ||    48

Table legend: (Time is in decaauts)
 A = Elapsed time spent in this place.
 B = Non-inter-level travel time spent in this place.
 C = Inter-level travel time spent in this place.
 D = Time resting spent in this place.
 E = Time spent auto-exploring this place.
 F = Levels seen in this place.
 G = Mean time per level.
                   A        B        C        D        E       F      G
               +--------+--------+--------+--------+--------+-----+--------+
         Total |   1002 |    950 |     52 |      0 |    761 |   2 |  501.0 |
       Dungeon |   1002 |    950 |     52 |      0 |    761 |   2 |  501.0 |
               +--------+--------+--------+--------+--------+-----+--------+

Top non-repeatable levels by time:
     D:1: 701 daAuts
     D:2: 300 daAuts
